 Dungeon Crawl Stone Soup version 0.25-a0-613-gf4b266557c (webtiles) character file.

Game seed: 9793299724827618049, levelgen mode: deterministic

83 Notrik the Skirmisher (level 4, -6/44 HPs)
             Began as a Naga Fighter on Mar 17, 2020.
             Mangled by a gnoll
             ... wielding a cursed -1 halberd
              (7 damage)
             ... on level 3 of the Dungeon.
             The game lasted 00:02:49 (1897 turns).

Notrik the Skirmisher (Naga Fighter)                Turns: 1897, Time: 00:02:49

Health: -6/44      AC:  8    Str: 19    XL:     4   Next: 44%
Magic:  4/4        EV:  5    Int:  8    God:
Gold:   114        SH:  8    Dex: 11    Spells: 3/3 levels left

rFire    . . .     SeeInvis +   a - +0 trident
rCold    . . .     Gourm    .   c - +0 kite shield
rNeg     . . .     Faith    .   b - +0 scale mail
rPois    +         Spirit   .   (no helmet)
rElec    .         Reflect  .   n - +2 cloak
rCorr    .         Harm     .   (no gloves)
MR       .....                  (no barding)
Stlth    +.........             (no amulet)
HPRegen  0.14/turn              (no ring)
MPRegen  0.09/turn              (no ring)

@: very slow
A: large, see invisible, deformed body, poison resistance, slowness 2, slow
metabolism 1, spit poison 1, AC +1
a: Spit Poison


You were on level 3 of the Dungeon.
You were not hungry.

You visited 1 branch of the dungeon, and saw 3 of its levels.

You collected 114 gold pieces.

Inventory:

Hand Weapons
 a - a +0 trident (weapon)
Armour
 b - a +0 scale mail (worn)
 c - a +0 kite shield (worn)
 n - a +2 cloak (worn)
   (You found it on level 2 of the Dungeon)
Jewellery
 o - an uncursed ring of protection from magic {unknown}
   (You found it on level 2 of the Dungeon)
Scrolls
 g - 4 scrolls of teleportation {unknown}
 h - 3 scrolls of identify {unknown}
 i - a scroll of amnesia {unknown}
 j - a scroll of enchant armour {unknown}
 l - a scroll of remove curse {unknown}
 p - a scroll of magic mapping {unknown}
Potions
 d - a potion of might
 f - 2 potions of brilliance {unknown}
 k - a potion of heal wounds {unknown}
 m - a potion of haste {unknown}
 q - 2 potions of flight {unknown}
Comestibles
 e - 4 rations {!d}


   Skills:
 + Level 3.7 Fighting
 + Level 3.0 Polearms
 - Level 2.4 Armour
 + Level 3.5 Stealth
 - Level 2.4 Shields


You had 3 spell levels left.
You didn't know any spells.
Your spell library was empty.

Dungeon Overview and Level Annotations

Branches:
Dungeon (3/15)

Altars:
Qazlal


Innate Abilities, Weirdness & Mutations

You cannot wear boots.
Your serpentine skin is tough. (AC +1)
You have supernaturally acute eyesight. (SInv)
Armour fits poorly on your strangely shaped body.
Your system is resistant to poisons. (rPois)
You cover ground very slowly.
You have a slow metabolism.
You can spit poison.


Message History

You hit the gnoll.
You kill the gnoll!
The goblin barely misses you. You block the gnoll's attack.
The gnoll hits you from afar with a cursed -1 halberd.
You puncture the goblin!
You kill the goblin!
The gnoll hits you but does no damage. The gnoll barely misses you.
Attack whom?
Aim: a gnoll, wielding a -1 halberd You reach to attack!
You hit the gnoll. The gnoll barely misses you.
The gnoll hits you from afar with a cursed -1 halberd!
* * * LOW HITPOINT WARNING * * *
The gnoll hits you from afar with a +0 spear.
* * * LOW HITPOINT WARNING * * *
You are too injured to fight recklessly!
You are too injured to fight recklessly!
You are too injured to fight recklessly!
You are too injured to fight recklessly!
You are too injured to fight recklessly!
You are too injured to fight recklessly!
You are too injured to fight recklessly!
You are too injured to fight recklessly!
You are too injured to fight recklessly!
You are too injured to fight recklessly!
You are too injured to fight recklessly!
You are too injured to fight recklessly!
You are too injured to fight recklessly!
You are too injured to fight recklessly!
You are too injured to fight recklessly!
You are too injured to fight recklessly!
You are too injured to fight recklessly!
You are too injured to fight recklessly!
You are too injured to fight recklessly!
You are too injured to fight recklessly!
You are too injured to fight recklessly!
You are too injured to fight recklessly!
You are too injured to fight recklessly!
You are too injured to fight recklessly!
You are too injured to fight recklessly!
The gnoll hits you but does no damage. x2
Things that are here:
a +0 whip; a gnoll corpse The gnoll hits you but does no damage.
You block the gnoll's attack.
The gnoll hits you from afar with a +0 spear!
* * * LOW HITPOINT WARNING * * *
The gnoll hits you but does no damage. You block the gnoll's attack. x2
You barely miss the gnoll. The gnoll hits you but does no damage.
You block the gnoll's attack.
The gnoll hits you with a cursed -1 halberd!
You die...

####### .......
....... .......
....... .......####
......gg@.##
#######)...##########
#.............#
#.............#
#.............#
#####.........#
#.........# ###
###........)# #..
..#.........#


You could see 2 gnolls.

Vanquished Creatures
  A gnoll (D:3)
  2 oozes
  3 worms (D:2)
  2 dart slugs (D:1)
  2 leopard geckos (D:1)
  7 bats
  2 giant cockroaches (D:2)
  5 goblins
  4 hobgoblins
  3 jackals (D:1)
  10 kobolds
  3 frilled lizards
  4 rats
48 creatures vanquished.

Notes
Turn   | Place    | Note
-------+----------+-------------------------------------------
     0 | D:1      | Notrik the Naga Fighter began the quest for the Orb.
     0 | D:1      | Reached XP level 1. HP: 21/21 MP: 1/1
    93 | D:1      | Reached skill level 1 in Stealth
   202 | D:1      | Reached XP level 2. HP: 27/28 MP: 2/2
   528 | D:1      | Reached XP level 3. HP: 22/34 MP: 3/3
  1340 | D:2      | Found a stormy altar of Qazlal.
  1415 | D:2      | Reached XP level 4. HP: 39/43 MP: 4/4
  1894 | D:3      | HP: 1/44 [gnoll/+0 spear (9)]
  1897 | D:3      | Mangled by a gnoll

Levels and vault maps discovered:
D:1:      onia_arrival_pentagram, layout_basic, chequers_serial_rivers_small_3
D:2:      layout_basic, first_ration, nicolae_qazlal_eye_of_the_storm
D:3:      layout_basic, marbit_many_paths, uniq_natasha

Skill      XL: |  1  2  3  4 |
---------------+-------------+-----
Stealth        | 1 2 3 |  3.5
Polearms       | 3 |  3.0
Fighting       | |  3.7
Armour         | |  2.4
Shields        | |  2.4

Action                   |  1- 3 |  4- 6 || total
-------------------------+-------+-------++-------
Melee: Trident           |   158 |    45 ||   203
  Eat: Chunk             |     1 |     1 ||     2
       Ration            |       |     1 ||     1
Armor: Scale mail        |    51 |    20 ||    71
Dodge: Dodged            |    21 |    18 ||    39
Block: Kite shield       |    74 |    21 ||    95

Table legend:
 A = Non-vault XP
 B = Vault XP
 C = Vault XP percentage of total XP
 D = Non-vault monster count
 E = Vault monster count
 F = Vault count percentage of total count
                 A         B        C        D         E       F
            +---------+---------+-------+---------+---------+-------
      Total |     119 |       0 |   0.0 |      48 |       0 |   0.0
            +---------+---------+-------+---------+---------+-------
        D:1 |      55 |       0 |   0.0 |      25 |       0 |   0.0
        D:2 |      39 |       0 |   0.0 |      18 |       0 |   0.0
        D:3 |      25 |       0 |   0.0 |       5 |       0 |   0.0
            +---------+---------+-------+---------+---------+-------
